 Dungeon Crawl Stone Soup version 0.27.1-33-g824d729ab1 (webtiles) character file.

Game seed: 8626748042114313339

0 Palewisp the Grasshopper (level 1, 17/17 HPs)
             Began as a Palentonga Warper on Dec 12, 2021.
             Got out of the dungeon alive.
             The game lasted 00:04:42 (28 turns).

Palewisp the Grasshopper (Palentonga Warper)          Turns: 28, Time: 00:04:43

Health: 17/17      AC:  4    Str: 14    XL:     1   Next: 0%
Magic:  3/3        EV:  9    Int: 13    God:
Gold:   0          SH:  0    Dex:  9    Spells: 4/4 levels left

rFire    . . .     SeeInvis +   a - +0 falchion
rCold    . . .     Faith    .   (no shield)
rNeg     . . .     Spirit   .   b - +0 leather armour
rPois    .         Reflect  .   (no helmet)
rElec    .         Harm     .   (no cloak)
rCorr    .         Rampage  .   (no gloves)
Will     .....                  (no barding)
Stlth    +.........             (no amulet)
HPRegen  0.05/turn              (no ring)
MPRegen  0.08/turn              (no ring)

@: no status effects
A: large, rugged brown scales 3, see invisible, deformed body, roll 1, armoured
tail
a: Rolling Charge


You escaped.
You visited 1 branch of the dungeon, and saw 1 of its levels.

Inventory:

Hand Weapons
 a - a +0 falchion (weapon)
Missiles
 d - 5 boomerangs of dispersal (quivered)
Armour
 b - a +0 leather armour (worn)
Scrolls
 c - a scroll of blinking


   Skills:
 + Level 2.0 Fighting
 + Level 2.0 Long Blades
 + Level 0.6 Throwing
 + Level 0.7 Armour
 + Level 1.5 Dodging
 + Level 2.0 Spellcasting
 + Level 3.0 Translocations


You had 4 spell levels left.
You didn't know any spells.
Your spell library contained the following spells:

 Spells                   Type           Power      Damage    Failure   Level
 Blink                    Tloc           N/A        N/A       14%         2
 Gell's Gravitas          Tloc           4%         N/A       28%         3
 Lesser Beckoning         Tloc           4%         N/A       28%         3
 Teleport Other           Tloc           9%         N/A       28%         3
 Manifold Assault         Tloc           9%         N/A       95%         5


Dungeon Overview and Level Annotations

Branches:
Dungeon (1/15)

Altars:


Innate Abilities, Weirdness & Mutations

You are completely covered in rugged brown scales. (AC +3, +7% HP)
You have supernaturally acute eyesight. (SInv)
Armour fits poorly on your strangely shaped body.
You can roll at nearby foes to attack.
You have a long armoured tail.


Message History

Okay, then.
Drop what? 4/52 slots (_ for help) (? for menu, Esc to quit)
Okay, then.
Throw: 5 boomerangs (disperse)
Press: ? - help, Q - select action, (/) - cycle Shift-Dir - straight line, f - you
Okay, then.
There are no items here.
You hit the plant.
The plant begins to die.
The plant is lightly damaged.
You enter the shallow water.
Moving in this stuff is going to be slow.
A nearby plant withers and dies.
You enter the shallow water.
Moving in this stuff is going to be slow.
You don't know any spells.
Press: ? - help, v - describe, . - travel The floor.
Unknown command.
Hit: a) +0 falchion
Press: ? - help, Dir - move target, f - you
Okay, then.
You hit the fungus.
The fungus begins to die.
The fungus is lightly damaged.
Unknown command.
Unknown command.
A nearby fungus withers and dies.
There is a staircase leading out of the dungeon here.
Are you sure you want to leave the Dungeon?
This will make you lose the game! [Y]es or [N]o only, please.
Are you sure you want to leave the Dungeon?
This will make you lose the game!
Uppercase [Y]es or [N]o only, please.
Are you sure you want to leave the Dungeon?
This will make you lose the game!
Alright, then stay!
Unknown command.
Are you sure you want to leave the Dungeon?
This will make you lose the game!
Uppercase [Y]es or [N]o only, please.
Are you sure you want to leave the Dungeon?
This will make you lose the game!
Uppercase [Y]es or [N]o only, please.
Are you sure you want to leave the Dungeon?
This will make you lose the game!
You have escaped!

###### #@.≈P#
#..P♣#
#≈.≈♣########
#≈..P#>......
#P..≈#....#
#≈≈..'.#
#♣P..#.#
#≈♣..#.#
###+##..


There were no monsters in sight!

Vanquished Creatures (others)
  A fungus (D:1)
  A plant (D:1)
2 creatures vanquished.

Notes
Turn   | Place    | Note
-------+----------+-------------------------------------------
     0 | D:1      | Palewisp the Palentonga Warper began the quest for the Orb.
     0 | D:1      | Reached XP level 1. HP: 17/17 MP: 3/3
    28 | D:$      | Got out of the dungeon alive.

Illustrated notes

Levels and vault maps discovered:
D:1:      tarquinn_simple_flora_water_f, layout_basic, serial_park_tiny_1

Action                   || total
-------------------------++-------
Melee: Falchion          ||     2
